 Dungeon Crawl Stone Soup version 0.30-b1-2-g02819fbbbe (webtiles) character file.

Game seed: 11762701330587098036

457 Flugkiller the Trooper (level 6, -13/57 HPs)
             Began as a Minotaur Fighter on May 8, 2023.
             Mangled by Sigmund
             ... wielding a +1 heavy scythe
              (14 damage)
             ... on level 5 of the Dungeon.
             The game lasted 00:01:42 (2993 turns).

Flugkiller the Trooper (Minotaur Fighter)           Turns: 2993, Time: 00:01:43

Health: -13/57     AC: 17    Str: 20    XL:     6   Next: 77%
Magic:  5/5        EV:  7    Int:  5    God:
Gold:   220        SH:  5    Dex: 12    Spells: 5/5 levels left

rFire   . . .        a - +0 war axe
rCold   . . .        c - +0 buckler
rNeg    . . .        v - +0 chain mail
rPois   .            (helmet restricted)
rElec   .            s - +0 cloak
rCorr   .            (no gloves)
SInv    .            f - +1 pair of boots
Will    .....        (no amulet) Stlth
                     p - +4 ring of protection
HPRegen 0.29/turn    (no ring)
MPRegen 0.09/turn

%: no passive effects
@: hasted, very quick
A: horns 2, retaliatory headbutt
a: no special abilities


You were on level 5 of the Dungeon.
You visited 1 branch of the dungeon, and saw 5 of its levels.

You collected 220 gold pieces.

Inventory:

Hand Weapons
 a - a +0 war axe (weapon)
Armour
 c - a +0 buckler (worn)
 f - a +1 pair of boots (worn)
   (You found it on level 1 of the Dungeon)
 s - a +0 cloak (worn)
   (You found it on level 3 of the Dungeon)
 v - a +0 chain mail (worn)
   (You found it on level 3 of the Dungeon)
Jewellery
 m - a ring of wizardry
   (You found it on level 2 of the Dungeon)
 p - a +4 ring of protection (left hand)
   (You found it on level 3 of the Dungeon)
Scrolls
 e - a scroll of amnesia
 g - a scroll of enchant weapon {unknown}
 k - a scroll of summoning {unknown}
 n - 3 scrolls of fog {unknown}
Potions
 b - a potion of berserk rage {unknown}
 d - 2 potions of might
 h - a potion of haste
 i - a potion of lignification {unknown}
 j - 4 potions of mutation
 l - 2 potions of brilliance {unknown}
 o - a potion of curing {unknown}
 q - 2 potions of attraction
 u - 2 potions of heal wounds {unknown}


   Skills:
 * Level 5.9 Fighting
 * Level 5.0 Axes
 * Level 5.7 Armour
 + Level 4.8 Shields


You had 5 spell levels left.
You didn't know any spells.
Your spell library was empty.

Dungeon Overview and Level Annotations

Branches:
Dungeon (5/15)
 Temple: D:4-7

Altars:
Hepliaklqana
Nemelex Xobeh
Zin

Annotations:
D:5 Sigmund


Innate Abilities, Weirdness & Mutations

You have a pair of horns on your head.
You reflexively headbutt those who attack you in melee.


Message History

You barely miss the orc.
The orc is severely wounded.
The orc hits you with a +0 mace.
An orc wizard comes into view. It is wielding a +0 dagger.
The orc priest hits you with a +0 club. You block the orc's attack.
You closely miss the orc priest. You barely miss the orc.
The orc wizard shouts!
You block the orc's attack.
The orc priest begins to cast a cantrip, but forgets the words!
You closely miss the orc. You headbutt the orc.
You kill the orc!
You hit the orc priest but do no damage.
You block the orc priest's attack.
You hit the orc priest.
The orc priest is moderately wounded.
You slash the orc!
You kill the orc!
The orc priest hits you but does no damage.
You barely miss the orc priest.
The orc priest is moderately wounded.
The orc priest hits you but does no damage. x2
The orc hits you but does no damage.
You slash the orc priest!
The orc priest is almost dead.
You slash the orc!
You kill the orc!
The orc priest hits you but does no damage.
You barely miss the orc priest. Your headbutt misses the orc priest.
The orc priest is almost dead.
You slash the orc!
You kill the orc!
The orc priest calls down the wrath of Beogh upon you.
Beogh smites you!
You slash the orc priest!
You kill the orc priest!
You slash the orc wizard!
The orc wizard is severely wounded.
The orc wizard hits you but does no damage.
The orc wizard barely misses you.
Found a stone staircase leading down.
The orc wizard hits you but does no damage.
Items here: )) [ †.
You closely miss the orc wizard.
The orc wizard is severely wounded.
You block the orc wizard's attack.
You miss the orc wizard.
You headbutt the orc wizard, but do no damage.
The orc wizard is severely wounded.
The orc wizard hits you but does no damage.
You closely miss the orc wizard.
The orc wizard is severely wounded.
The orc wizard hits you but does no damage.
The orc wizard barely misses you. You furiously retaliate!
You headbutt the orc wizard!
You kill the orc wizard!
Your Axes skill increases to level 5!
n - 3 scrolls labelled TUZXAR VIATU
Items here: ))))) [[[ †.
l - 2 murky brown potions (gained 1)
Found 3 atropa-tipped darts.
No target in view!
Sigmund the Dreaded comes into view.
He is wielding a +1 heavy scythe.
Sigmund shouts!
Sigmund is nearby!
Sigmund is nearby!
Sigmund drinks a potion.
Sigmund seems to speed up.
You closely miss Sigmund. You block Sigmund's attack.
You closely miss Sigmund. You headbutt Sigmund.
Sigmund is lightly wounded.
Sigmund gestures wildly while chanting.
Sigmund flickers and vanishes!
Deactivating autopickup; reactivate with Ctrl-A.
You hear some strange, mumbled words.
A magic dart appears from out of thin air!
The magic dart hits you but does no damage.
No target in view!
You barely miss something. Something hits you but does no damage.
No target in view!
You miss something. Your headbutt misses something. Something hits you!
You barely miss something. Your headbutt misses something. Something hits you!
No target in view!
You hit something. Your headbutt misses something.
Something hits you but does no damage.
No target in view!
You closely miss something. You barely miss something.
You hear some strange, mumbled words.
Something tries to affect you, but you resist.
You block something's attack.
You closely miss something. You completely miss something. Something hits you!
You closely miss something. Something hits you!
* * * LOW HITPOINT WARNING * * *
You hit something but do no damage. Your headbutt misses something.
Something hits you!
* * * LOW HITPOINT WARNING * * *
Unknown command.
Okay, then.
You feel yourself speed up. Something hits you!
You die...

###.....###
#....>....###
.............###
.♣...###...♣...#
...## ###...#.#
#+# ##+##.#
#(.#.# #$...#
##@### #{# #.#
#.# ... #.# #.#
#.#


There were no monsters in sight!

Vanquished Creatures
  A water moccasin (D:5)
  A scorpion (D:5)
  2 orc priests
  Jessica (D:3)
  2 iguanas
  An orc wizard (D:5)
  3 adders
  A worm (D:4)
  3 dart slugs
  15 orcs
  8 endoplasms
  2 giant cockroaches (D:4)
  7 hobgoblins
  3 jackals (D:5)
  3 kobolds
  5 quokkas
  3 ball pythons
  3 bats
  4 frilled lizards
  10 goblins
  4 rats
82 creatures vanquished.

Notes
Turn   | Place    | Note
-------+----------+-------------------------------------------
     0 | D:1      | Flugkiller the Minotaur Fighter began the quest for the
                  | Orb.
     0 | D:1      | Reached XP level 1. HP: 19/19 MP: 0/0
    85 | D:1      | Reached XP level 2. HP: 25/27 MP: 1/1
   593 | D:1      | Reached XP level 3. HP: 33/33 MP: 2/2
  1414 | D:3      | Found a glowing silver altar of Zin.
  1486 | D:3      | Found a hazy altar of Hepliaklqana.
  1517 | D:3      | Noticed Jessica
  1521 | D:3      | Killed Jessica
  1522 | D:3      | Reached XP level 4. HP: 41/41 MP: 3/3
  2010 | D:4      | Reached XP level 5. HP: 25/47 MP: 4/4
  2395 | D:4      | Reached skill level 5 in Fighting
  2396 | D:4      | Reached skill level 5 in Armour
  2435 | D:4      | Found a sparkling altar of Nemelex Xobeh.
  2718 | D:5      | Entered Level 5 of the Dungeon
  2859 | D:5      | Reached XP level 6. HP: 56/56 MP: 5/5
  2861 | D:5      | Noticed a water moccasin
  2866 | D:5      | Killed a water moccasin
  2906 | D:5      | Reached skill level 5 in Axes
  2979 | D:5      | Noticed Sigmund
  2992 | D:5      | HP: 1/57 [something (12)]
  2993 | D:5      | Mangled by Sigmund

Illustrated notes

Levels and vault maps discovered:
D:1:      ebering_trefoil_3fold, layout_loops_ring, minmay_surrounded
D:2:      layout_loops_ring, chequers_arboretum
D:3:      layout_rooms, mainiacjoe_overflow_alcove_2, zin_scriptorium,
          uniq_jessica
D:4:      layout_basic, mainiacjoe_overflow_brackets, minmay_goblin_outpost
D:5:      layout_loops_ring, kennysheep_orc_sif_temple, grunt_ministairs_13,
          uniq_sigmund

Skill      XL: |  1  2  3  4  5  6 |
---------------+-------------------+-----
Fighting       | 4 5 |  5.9
Axes           | 3 4 5 |  5.0
Armour         | 4 5 |  5.7
Shields        | 4 |  4.8

Action                     |  1- 3 |  4- 6 || total
---------------------------+-------+-------++-------
  Melee: War axe           |    68 |    94 ||   162
         Headbutt          |    11 |    17 ||    28
    Use: Scroll            |       |    10 ||    10
         Potion            |       |     2 ||     2
 Armour: Scale mail        |    30 |       ||    30
         Chain mail        |       |    54 ||    54
  Dodge: Dodged            |    26 |    23 ||    49
  Block: Buckler           |    12 |    22 ||    34
